 Dungeon Crawl Stone Soup version 0.26-a0-58-g79b31b8 (webtiles) character file.

Game seed: 4096175062056572548

28496 thirtiethelement the Blocker (level 13, -26/104 HPs)
             Began as a Gnoll Fighter on June 8, 2020.
             Was a High Priest of Cheibriados.
             Annihilated by an orc knight
             ... wielding a +0 great sword
              (39 damage)
             ... on level 2 of the Orcish Mines.
             The game lasted 00:35:58 (11948 turns).

thirtiethelement the Blocker (Gnoll Fighter)       Turns: 11948, Time: 00:35:58

Health: -26/104    AC: 17    Str: 38    XL:     13   Next: 39%
Magic:  2/25       EV: 19    Int: 25    God:    Cheibriados [*****.]
Gold:   1300       SH: 15    Dex: 28    Spells: 18/28 levels left

rFire    . . .     SeeInvis +   a - +4 broad axe (flame)
rCold    + . .     Gourm    .   c - +0 kite shield
rNeg     . . .     Faith    .   o - +2 swamp dragon scales
rPois    +         Spirit   .   E - +0 helmet {SInv}
rElec    .         Reflect  .   (no cloak)
rCorr    .         Harm     .   (no gloves)
MR       .....                  (no boots)
Stlth    ++++......             (no amulet)
HPRegen  0.27/turn              i - ring of protection from cold
MPRegen  0.19/turn              m - +4 ring of protection

@: very slow
A: distributed training, fangs 1, strong nose
a: Bend Time, Temporal Distortion, Slouch, Step From Time, Renounce Religion


You were on level 2 of the Orcish Mines.
You worshipped Cheibriados.
Cheibriados was extremely pleased with you.
You were not hungry.

You visited 2 branches of the dungeon, and saw 13 of its levels.

You collected 1300 gold pieces.

Inventory:

Hand Weapons
 a - a +4 broad axe of flaming (weapon)
 e - the +8 dire flail of Eternal Vigilance {vorpal, Str+5}
   (You took it off an orc knight on level 1 of the Orcish Mines)

   It inflicts extra damage upon your enemies.
   It affects your strength (+5).
 n - a +4 vorpal long sword
 x - a +3 demon blade
 B - a +7 arbalest
 C - the +2 lajatang of Disharmony {distort, rF+ Str-4 Stlth+}
   (You took it off an orc knight on level 1 of the Orcish Mines)

   It warps and distorts space around it.
   Unwielding it can cause banishment or high damage.
   It affects your strength (-4).
   It protects you from fire.
   It makes you more stealthy.
Armour
 c - a +0 kite shield (worn)
 o - +2 swamp dragon scales (worn)
 z - a +2 plate armour
 E - a +0 helmet of see invisible (worn)
Jewellery
 b - a +6 ring of dexterity
 i - a ring of protection from cold (left hand)
 m - a +4 ring of protection (right hand)
 v - a +6 ring of intelligence
Wands
 q - a wand of flame (13)
 t - a wand of iceblast (2)
Scrolls
 p - a scroll of remove curse
 u - a scroll of amnesia
 y - a scroll of enchant weapon
Potions
 d - a potion of might
 g - 3 potions of brilliance
 h - 3 potions of stabbing
 j - a potion of flight
 k - a potion of lignification
 l - 3 potions of ambrosia
 r - a potion of cancellation
 A - a potion of haste
 F - a potion of invisibility {unknown}
Miscellaneous
 w - a box of beasts
Comestibles
 f - 17 rations


   Skills:
 + Level 10.4 Fighting
 + Level 8.1 Short Blades
 + Level 8.1 Long Blades
 + Level 9.3 Axes
 + Level 8.1 Maces & Flails
 + Level 8.1 Polearms
 + Level 8.1 Staves
 + Level 8.1 Slings
 + Level 8.1 Bows
 + Level 8.1 Crossbows
 + Level 8.1 Throwing
 + Level 10.4 Armour
 + Level 8.1 Dodging
 + Level 8.1 Stealth
 + Level 10.4 Shields
 + Level 8.1 Unarmed Combat
 + Level 8.1 Spellcasting
 + Level 6.7 Conjurations
 + Level 6.7 Hexes
 + Level 6.7 Charms
 + Level 6.7 Summonings
 + Level 6.7 Necromancy
 + Level 6.7 Translocations
 + Level 6.7 Transmutations
 + Level 6.7 Fire Magic
 + Level 6.7 Ice Magic
 + Level 6.7 Air Magic
 + Level 6.7 Earth Magic
 + Level 6.7 Poison Magic
 + Level 8.9 Invocations
 + Level 8.1 Evocations


You had 18 spell levels left.
You knew the following spells:

 Your Spells              Type           Power        Failure   Level  Hunger
a - Searing Ray           Conj           #####.       1%          2    None
b - Confusing Touch       Hex            #####...     2%          3    None
c - Fulminant Prism       Conj/Hex       #####.....   9%          4    ##.....
d - Corona                Hex            #####..      1%          1    None

Your spell library contained the following spells:

 Spells                   Type           Power        Failure   Level  Hunger
 Animate Skeleton         Necr           N/A          1%          1    None
 Apportation              Tloc           #####.       1%          1    None
 Magic Dart               Conj           ####         1%          1    None
 Summon Small Mammal      Summ           ####         1%          1    None
 Dazzling Flash           Conj/Hex       #####.       2%          3    None
 Gell's Gravitas          Tloc           #####.....   2%          3    None
 Iskenderun's Mystic Bla  Conj/Tloc      #####...     9%          4    ##.....
 Petrify                  Tmut/Erth      #####...     9%          4    ##.....
 Metabolic Englaciation   Hex/Ice        #####.....   24%         5    ####...
 Yara's Violent Unravell  Hex/Tmut       #####.....   24%         5    ####...


Dungeon Overview and Level Annotations

Branches:
Dungeon (11/15)            Temple (0/1) D:4            Lair (0/6) D:9
    Orc (2/2) D:10
    Elf: Orc:2

Altars:
Cheibriados
Dithmenos
Fedhas
Gozag
Hepliaklqana
Kikubaaqudgha
Qazlal
Ru
Trog
Uskayaw
Wu Jian
Xom
Yredelemnul
Beogh


Innate Abilities, Weirdness & Mutations

Your experience applies equally to all skills.
You have very sharp teeth.
Your uncanny sense of smell can sniff out nearby items.


Message History

Press: ? - help, Shift-Dir - straight line The mass of ice explodes!
The iceblast engulfs the orc warrior!!
The orc warrior is severely wounded.
The iceblast engulfs the orc priest!!
You kill the orc priest!
Cheibriados thoroughly appreciates the change of pace.
You hear a shout! x2
An orc comes into view. It is wielding a +0 short sword.
Really harm near your juvenile batshock beast?
You can feel time thicken for a moment.
You kill your juvenile batshock beast!
Your juvenile batshock beast's corpse disappears in a puff of smoke!
You kill the orc warrior!
Cheibriados thoroughly appreciates the change of pace.
You kill the orc!
Cheibriados appreciates the change of pace.
You feel somewhat more hungry.
Cheibriados lowers the support of your attributes as your movement quickens.
The orc knight hits you with a +0 great sword!!!
You die...

###.#.# # ##...)...##
#..#.o)#..#
##....))...##
#...#...#...#
##^....))....##
#....#..)#....#
#.......o)....#
#....#))@#....#
#......)o.....#
#....#..ยง#....#
##.....))....##
#...#..)#...#
##.........##
#..#(.)#..#
##...))..## ..
#######)).#######.....


You could see 2 orc knights and an orc high priest (strong).

Vanquished Creatures
  The ghost of Zises the Covert, a journeyman HaEn of Dithmenos (Orc:1)
  Fannar (D:10)
  4 two-headed ogres
  2 orc high priests (Orc:2)
  Nergalle (Orc:1)
  7 hell knights (D:11)
  5 orc knights
  3 necromancers (D:11)
  2 orc sorcerers (Orc:1)
  A cyclops (D:11)
  A manticore (D:11)
  2 moths of wrath (Orc:1)
  Maggie (D:8)
  A komodo dragon (D:9)
  3 trolls
  A hornet (D:11)
  A queen bee (D:11)
  A hippogriff (D:7)
  Sigmund (D:2)
  15 yaks
  A wyvern (D:9)
  A wraith (D:11)
  A steam dragon (D:11)
  A hungry ghost (D:7)
  An acid dragon (D:11)
  A warg (Orc:1)
  A water moccasin (D:7)
  6 hell hounds (D:11)
  19 orc warriors
  2 ice beasts
  3 sky beasts
  2 black bears
  A phantom (D:10)
  6 ogres
  4 centaurs
  2 big kobolds (D:9)
  6 bullfrogs
  A wyvern zombie (D:7)
  A gnoll sergeant (D:11)
  20 killer bees
  A howler monkey (D:4)
  A centaur zombie (D:10)
  4 crimson imps
  2 quasits
  A bullfrog zombie (D:10)
  27 orc priests
  8 hounds
  2 jellies
  13 orc wizards
  A centaur skeleton (D:6)
  2 iguanas
  6 worker ants
  A hound skeleton (D:4)
  2 worker ant zombies (D:5)
  A howler monkey skeleton (D:4)
  11 adders
  6 gnolls
  9 river rats (D:6)
  3 shadow imps
  An adder zombie (D:7)
  An adder skeleton (D:4)
  2 worms (D:3)
  2 dart slugs (D:1)
  9 leopard geckos
  78 orcs
  5 giant cockroaches
  2 gnoll zombies (D:9)
  6 goblins (D:1)
  2 hobgoblins
  7 jackals
  12 quokkas
  4 bats
  5 frilled lizards
  A jackal skeleton (D:8)
  16 kobolds
  A leopard gecko skeleton (D:4)
  A leopard gecko zombie (D:8)
  26 rats
416 creatures vanquished.

Vanquished Creatures (collateral kills)
  An orc knight (Orc:2)
  2 orcs (Orc:2)
3 creatures vanquished.

Vanquished Creatures (others)
  An orc knight (Orc:2)
  A hell hound (D:11)
  8 fulminant prisms (D:11)
  2 plants (D:9)
12 creatures vanquished.

Grand Total: 431 creatures vanquished

Notes
Turn   | Place    | Note
-------+----------+-------------------------------------------
     0 | D:1      | thirtiethelement the Gnoll Fighter began the quest for the
                  | Orb.
     0 | D:1      | Reached XP level 1. HP: 23/23 MP: 1/1
   237 | D:1      | Reached XP level 2. HP: 29/29 MP: 2/2
   704 | D:1      | Found a snail-covered altar of Cheibriados.
   706 | D:1      | Reached XP level 3. HP: 35/35 MP: 3/3
   711 | D:1      | Became a worshipper of Cheibriados the Contemplative
  1126 | D:2      | Reached skill level 1 in Invocations
  1172 | D:2      | Found a hide-covered altar of Uskayaw.
  1412 | D:2      | Noticed Sigmund
  1419 | D:2      | Killed Sigmund
  1419 | D:2      | Reached skill level 1 in Short Blades
  1419 | D:2      | Reached skill level 1 in Long Blades
  1419 | D:2      | Reached skill level 1 in Maces & Flails
  1419 | D:2      | Reached skill level 1 in Polearms
  1419 | D:2      | Reached skill level 1 in Staves
  1419 | D:2      | Reached skill level 1 in Slings
  1419 | D:2      | Reached skill level 1 in Bows
  1419 | D:2      | Reached skill level 1 in Crossbows
  1419 | D:2      | Reached skill level 1 in Throwing
  1419 | D:2      | Reached skill level 1 in Dodging
  1419 | D:2      | Reached skill level 1 in Stealth
  1419 | D:2      | Reached skill level 1 in Unarmed Combat
  1419 | D:2      | Reached skill level 1 in Spellcasting
  1419 | D:2      | Reached skill level 1 in Conjurations
  1419 | D:2      | Reached skill level 1 in Hexes
  1419 | D:2      | Reached skill level 1 in Charms
  1419 | D:2      | Reached skill level 1 in Summonings
  1419 | D:2      | Reached skill level 1 in Necromancy
  1419 | D:2      | Reached skill level 1 in Translocations
  1419 | D:2      | Reached skill level 1 in Transmutations
  1419 | D:2      | Reached skill level 1 in Fire Magic
  1419 | D:2      | Reached skill level 1 in Ice Magic
  1419 | D:2      | Reached skill level 1 in Air Magic
  1419 | D:2      | Reached skill level 1 in Earth Magic
  1419 | D:2      | Reached skill level 1 in Poison Magic
  1419 | D:2      | Reached skill level 1 in Evocations
  1419 | D:2      | Reached XP level 4. HP: 39/41 MP: 4/6
  1419 | D:2      | Reached XP level 5. HP: 44/47 MP: 4/7
  1696 | D:3      | Reached XP level 6. HP: 53/53 MP: 8/8
  1701 | D:3      | Reached * piety under Cheibriados
  2247 | D:4      | Found a staircase to the Ecumenical Temple.
  2250 | D:4      | Found a blossoming altar of Fedhas.
  2394 | D:4      | Found an opulent altar of Gozag.
  2465 | D:4      | Reached skill level 5 in Axes
  2825 | D:5      | Entered Level 5 of the Dungeon
  2832 | D:5      | Reached ** piety under Cheibriados
  2865 | D:5      | Found an ornate altar of the Wu Jian Council.
  2885 | D:5      | Reached XP level 7. HP: 51/59 MP: 10/10
  2975 | D:5      | Found a sacrificial altar of Ru.
  3512 | D:5      | Reached *** piety under Cheibriados
  3786 | D:6      | Reached XP level 8. HP: 29/67 MP: 12/12
  4891 | D:6      | Reached **** piety under Cheibriados
  5071 | D:6      | Reached ***** piety under Cheibriados
  5242 | D:7      | Reached XP level 9. HP: 71/72 MP: 14/14
  5720 | D:8      | Found an opulent altar of Gozag.
  5923 | D:8      | Found a hazy altar of Hepliaklqana.
  5932 | D:8      | Noticed Maggie
  5944 | D:8      | Killed Maggie
  5986 | D:8      | Reached skill level 5 in Invocations
  6610 | D:9      | Reached XP level 10. HP: 80/80 MP: 17/17
  6722 | D:9      | Found a staircase to the Lair.
  6824 | D:9      | Found an ancient bone altar of Kikubaaqudgha.
  6825 | D:9      | Found a shimmering altar of Xom.
  6827 | D:9      | Found a snail-covered altar of Cheibriados.
  6827 | D:9      | Found a shadowy altar of Dithmenos.
  6829 | D:9      | Found a stormy altar of Qazlal.
  6830 | D:9      | Found a bloodstained altar of Trog.
  6845 | D:9      | Learned a level 2 spell: Searing Ray
  6849 | D:9      | Learned a level 3 spell: Confusing Touch
  7112 | D:9      | Found a basalt altar of Yredelemnul.
  7164 | D:10     | Entered Level 10 of the Dungeon
  7369 | D:10     | Reached skill level 5 in Short Blades
  7369 | D:10     | Reached skill level 5 in Long Blades
  7369 | D:10     | Reached skill level 5 in Maces & Flails
  7369 | D:10     | Reached skill level 5 in Polearms
  7369 | D:10     | Reached skill level 5 in Staves
  7369 | D:10     | Reached skill level 5 in Slings
  7369 | D:10     | Reached skill level 5 in Bows
  7369 | D:10     | Reached skill level 5 in Crossbows
  7369 | D:10     | Reached skill level 5 in Throwing
  7369 | D:10     | Reached skill level 5 in Dodging
  7369 | D:10     | Reached skill level 5 in Stealth
  7369 | D:10     | Reached skill level 5 in Unarmed Combat
  7369 | D:10     | Reached skill level 5 in Spellcasting
  7369 | D:10     | Reached skill level 5 in Evocations
  7372 | D:10     | Reached ****** piety under Cheibriados
  7752 | D:10     | Found a staircase to the Orcish Mines.
  8033 | D:10     | Noticed Fannar
  8058 | D:10     | Killed Fannar
  8380 | D:10     | Found a roughly hewn altar of Beogh.
  8560 | D:11     | Reached XP level 11. HP: 87/87 MP: 19/19
  8588 | D:11     | Identified the cursed +1 leather armour "Hijam" {rCorr
                  | Int-5 SInv}
  8793 | D:11     | Noticed a cyclops
  8798 | D:11     | Killed a cyclops
  8802 | D:11     | Noticed a manticore
  8808 | D:11     | Killed a manticore
  8831 | D:11     | HP: 3/89 [shadow imp/nerve-wracking pain (9)]
  8834 | D:11     | Reached skill level 5 in Conjurations
  8834 | D:11     | Reached skill level 5 in Hexes
  8834 | D:11     | Reached skill level 5 in Charms
  8834 | D:11     | Reached skill level 5 in Summonings
  8834 | D:11     | Reached skill level 5 in Necromancy
  8834 | D:11     | Reached skill level 5 in Translocations
  8834 | D:11     | Reached skill level 5 in Transmutations
  8834 | D:11     | Reached skill level 5 in Fire Magic
  8834 | D:11     | Reached skill level 5 in Ice Magic
  8834 | D:11     | Reached skill level 5 in Air Magic
  8834 | D:11     | Reached skill level 5 in Earth Magic
  8834 | D:11     | Reached skill level 5 in Poison Magic
  9179 | D:11     | Noticed a two-headed ogre
  9183 | D:11     | Killed a two-headed ogre
  9380 | D:11     | Learned a level 4 spell: Fulminant Prism
  9881 | D:11     | Learned a level 1 spell: Corona
  9915 | D:11     | Noticed a hell knight
  9921 | D:11     | Killed a hell knight
  9937 | D:11     | Noticed a hell knight
  9940 | D:11     | Noticed a hell knight
 10199 | D:11     | Killed a hell knight
 10202 | D:11     | Killed a hell knight
 10204 | D:11     | Noticed a necromancer
 10210 | D:11     | Noticed a hell knight
 10212 | D:11     | Killed a necromancer
 10212 | D:11     | Reached XP level 12. HP: 42/96 MP: 6/22
 10218 | D:11     | Noticed a hell knight
 10221 | D:11     | Killed a hell knight
 10957 | Orc:1    | Entered Level 1 of the Orcish Mines
 11036 | Orc:1    | Noticed Nergalle
 11042 | Orc:1    | Killed Nergalle
 11098 | Orc:1    | Found a transporter.
 11100 | Orc:1    | Found a transporter.
 11106 | Orc:1    | Found a bloodstained altar of Trog.
 11107 | Orc:1    | Noticed Zises's ghost (journeyman HaEn)
 11108 | Orc:1    | Noticed a two-headed ogre
 11108 | Orc:1    | Identified the +2 lajatang of Disharmony {distort, rF+
                  | Str-4 Stlth+}
 11110 | Orc:1    | Identified the +8 dire flail of Eternal Vigilance {vorpal,
                  | Str+5}
 11251 | Orc:1    | Killed a two-headed ogre
 11259 | Orc:1    | Reached skill level 10 in Fighting
 11259 | Orc:1    | Reached skill level 10 in Armour
 11259 | Orc:1    | Reached skill level 10 in Shields
 11271 | Orc:1    | Killed Zises's ghost
 11632 | Orc:1    | Noticed a two-headed ogre
 11639 | Orc:1    | Killed a two-headed ogre
 11639 | Orc:1    | Reached XP level 13. HP: 103/103 MP: 24/24
 11821 | Orc:2    | Entered Level 2 of the Orcish Mines
 11948 | Orc:2    | Annihilated by an orc knight

Illustrated notes

Levels and vault maps discovered:
D:1:      mrwooster_arrival_statue, layout_loops_corners, cheibriados_altar_1
D:2:      layout_loops_ring, nicolae_overflow_hidden_temple, first_ration,
          uniq_sigmund
D:3:      layout_loops_ring
D:4:      layout_cave_pools, overflow_temple_1_default,
          minmay_temple_entry_arrows, grunt_gozag_breadcrumbs
D:5:      layout_basic, kennysheep_mini_moat, lemuel_round_altar
D:6:      lemuel_ratsnest, layout_basic
D:7:      layout_basic
D:8:      layout_basic, nicolae_overflow_crystal_walls, kennysheep_little_box,
          uniq_maggie
D:9:      layout_irregular_city, grunt_temple_overflow_open,
          lemuel_zombie_altar_yredelemnul, david_lair_shrubbed
D:10:     layout_loops_corners, david_orc_2, special_room [special_room_orc],
          uniq_fannar
D:11:     layout_roguey, david_nohive_1, minmay_rotating_lava
Orc:1:    layout_diamond_mine, gammafunk_ghost_wrathful_warriors, uniq_nergalle
Orc:2:    st_orc_pillars, layout_diamond_mine, uniq_josephine

Skill      XL: |  1  2  3  4  5  6  7  8  9 10 11 12 13 |
---------------+----------------------------------------+-----
Invocations    | 1 2 3 4 5 6 7 8 |  8.9
Short Blades   | 1 2 3 4 5 6 7 8 |  8.1
Long Blades    | 1 2 3 4 5 6 7 8 |  8.1
Maces & Flails | 1 2 3 4 5 6 7 8 |  8.1
Polearms       | 1 2 3 4 5 6 7 8 |  8.1
Staves         | 1 2 3 4 5 6 7 8 |  8.1
Slings         | 1 2 3 4 5 6 7 8 |  8.1
Bows           | 1 2 3 4 5 6 7 8 |  8.1
Crossbows      | 1 2 3 4 5 6 7 8 |  8.1
Throwing       | 1 2 3 4 5 6 7 8 |  8.1
Dodging        | 1 2 3 4 5 6 7 8 |  8.1
Stealth        | 1 2 3 4 5 6 7 8 |  8.1
Unarmed Combat | 1 2 3 4 5 6 7 8 |  8.1
Spellcasting   | 1 2 3 4 5 6 7 8 |  8.1
Conjurations   | 1 2 3 4 5 6 |  6.7
Hexes          | 1 2 3 4 5 6 |  6.7
Charms         | 1 2 3 4 5 6 |  6.7
Summonings     | 1 2 3 4 5 6 |  6.7
Necromancy     | 1 2 3 4 5 6 |  6.7
Translocations | 1 2 3 4 5 6 |  6.7
Transmutations | 1 2 3 4 5 6 |  6.7
Fire Magic     | 1 2 3 4 5 6 |  6.7
Ice Magic      | 1 2 3 4 5 6 |  6.7
Air Magic      | 1 2 3 4 5 6 |  6.7
Earth Magic    | 1 2 3 4 5 6 |  6.7
Poison Magic   | 1 2 3 4 5 6 |  6.7
Evocations     | 1 2 3 4 5 6 7 8 |  8.1
Axes           | 5 6 7 8 9 |  9.3
Fighting       | 7 8 9 10 | 10.4
Armour         | 7 8 9 10 | 10.4
Shields        | 7 8 9 10 | 10.4

Action                   |  1- 3 |  4- 6 |  7- 9 | 10-12 | 13-15 || total
-------------------------+-------+-------+-------+-------+-------++-------
Melee: War axe           |    70 |    33 |       |       |       ||   103
       Bite              |     6 |    12 |    64 |    71 |     8 ||   161
       Long sword        |       |    54 |   298 |   231 |       ||   583
       Broad axe         |       |       |       |    71 |    38 ||   109
Throw: Javelin           |       |     2 |     2 |    24 |     6 ||    34
 Cast: Searing Ray       |       |       |       |     9 |       ||     9
       Fulminant Prism   |       |       |       |     8 |       ||     8
Invok: Slouch            |       |       |       |     1 |     7 ||     8
       Step From Time    |       |       |       |       |     1 ||     1
Evoke: Wand              |       |       |       |    33 |    16 ||    49
       Box of beasts     |       |       |       |     1 |     1 ||     2
  Use: Scroll            |       |     4 |     4 |    11 |       ||    19
       Potion            |       |       |       |     6 |       ||     6
 Stab: Sleeping          |       |       |     3 |     5 |     1 ||     9
       Distracted        |       |       |       |     3 |       ||     3
  Eat: Chunk             |     2 |     3 |     5 |     4 |       ||    14
       Ration            |       |       |     1 |     2 |       ||     3
Armor: Scale mail        |    29 |    34 |    83 |       |       ||   146
       Swamp dragon scal |       |       |     7 |    71 |     5 ||    83
Dodge: Dodged            |    16 |    28 |   145 |   173 |    28 ||   390
Block: Kite shield       |    35 |    59 |   250 |   287 |    37 ||   668
       Rpst.: Long sword |       |    10 |    42 |    48 |       ||   100

Table legend:
 A = Non-vault XP
 B = Vault XP
 C = Vault XP percentage of total XP
 D = Non-vault monster count
 E = Vault monster count
 F = Vault count percentage of total count
                 A         B        C        D         E       F
            +---------+---------+-------+---------+---------+-------
      Total |   16820 |   23889 |  58.7 |     257 |     163 |  38.8
            +---------+---------+-------+---------+---------+-------
        D:1 |      41 |       0 |   0.0 |      21 |       0 |   0.0
        D:2 |      46 |     223 |  82.9 |       7 |       1 |  12.5
        D:3 |      59 |       0 |   0.0 |      17 |       0 |   0.0
        D:4 |     112 |       0 |   0.0 |      14 |       0 |   0.0
        D:5 |     659 |       0 |   0.0 |      31 |       0 |   0.0
        D:6 |     842 |     158 |  15.8 |      24 |      37 |  60.7
        D:7 |    1172 |       0 |   0.0 |      15 |       0 |   0.0
        D:8 |     459 |     428 |  48.3 |      14 |       1 |   6.7
        D:9 |     867 |     347 |  28.6 |      26 |       3 |  10.3
       D:10 |    2170 |    1510 |  41.0 |      19 |      24 |  55.8
       D:11 |    5373 |    9385 |  63.6 |      36 |      34 |  48.6
      Orc:1 |    2855 |    5758 |  66.9 |      14 |      10 |  41.7
      Orc:2 |    2165 |    6080 |  73.7 |      19 |      53 |  73.6
            +---------+---------+-------+---------+---------+-------
